 Dungeon Crawl Stone Soup version 0.32-a0-607-g64ea0e4219 (webtiles) character file.

Game seed: 2558279933412201325

28639 GottIstTot the Destroyer (level 13, -7/107 HPs)
             Began as a Grey Draconian Necromancer on Mar 3, 2024.
             Was an Elder of Vehumet.
             Mangled by an orc knight
             ... wielding a +0 great sword
              (20 damage)
             ... on level 2 of the Orcish Mines.
             The game lasted 00:27:51 (16386 turns).

GottIstTot the Destroyer (DrNe)                    Turns: 16386, Time: 00:27:51

Health: -7/107     AC: 17    Str: 11    XL:     13   Next: 10%
Magic:  12/25      EV: 13    Int: 20    God:    Vehumet [****..]
Gold:   1179       SH:  0    Dex: 12    Spells: 10/29 levels left

rFire   . . .        i - +9 staff of Olgreb {rPois∞}
rCold   . . .        (no shield)
rNeg    . . .        (body armour unavailable)
rPois   ∞            (helmet restricted)
rElec   .            (no cloak)
rCorr   .            (no gloves)
SInv    .            (no boots)
Will    .....        p - amulet of magic regeneration
Stlth   +            H - +4 ring of protection
HPRegen 0.37/turn    (no ring)
MPRegen 0.59/turn

%: no passive effects
@: confused, ambrosia-drunk, radiating poison
A: mud breath, mud-swimmer, AC +13, amphibious, unfitting armour, cold-blooded
a: Mud Breath, Renounce Religion, Evoke the Staff of Olgreb


You were on level 2 of the Orcish Mines.
You worshipped Vehumet.
Vehumet was greatly pleased with you.
You visited 3 branches of the dungeon, and saw 14 of its levels.

You collected 1179 gold pieces.

Inventory:

Hand Weapons
 d - a +3 dagger of electrocution
 i - the +9 staff of Olgreb (weapon) {rPois∞}
   (You acquired it on level 6 of the Dungeon)

   Radiate:   It can be activated via the 'a'bility menu to radiate toxic
   energy, with effectiveness depending on Evocations skill.
   Alch:      It enhances your alchemy magic.
   rPois∞: It grants immunity to poison.
 y - the +12 spear of Cido {flame, rF+ rC- rN++ SInv}
   (You found it on level 8 of the Dungeon)

   rF+:       It protects you from fire.
   rC-:       It makes you vulnerable to cold.
   rN++:      It greatly protects you from negative energy.
   SInv:      It lets you see invisible.
Missiles
 s - 8 curare-tipped darts
 u - a throwing net
Magical Staves
 a - a staff of earth
Jewellery
 c - a ring of fire
 p - an amulet of magic regeneration (around neck)
 H - a +4 ring of protection (left hand)
Wands
 t - a wand of charming (6)
 v - a wand of digging (1)
 B - a wand of warping (6)
 F - a wand of flame (4)
Scrolls
 e - 3 scrolls of teleportation {@r3}
 g - 3 scrolls of fog {@r2}
 h - a scroll of torment
 m - 3 scrolls of amnesia
 n - 2 scrolls of noise
 q - 3 scrolls of enchant armour
 r - a scroll of brand weapon
 w - a scroll of revelation {@r5}
 D - 2 scrolls of vulnerability {!r}
 E - 2 scrolls of fear {unknown}
 G - 2 scrolls of poison {unknown}
Potions
 b - a potion of mutation
 f - 2 potions of brilliance
 x - 6 potions of degeneration
 z - 2 potions of haste {@q5}
 C - 2 potions of attraction {unknown}


   Skills:
 - Level 8.0 Fighting
 - Level 4.0 Dodging
 - Level 5.0 Stealth
 + Level 8.9 Spellcasting
 * Level 11.3 Conjurations
 - Level 10.0 Summonings
 - Level 4.0 Necromancy
 + Level 2.6 Ice Magic
 - Level 10.0 Earth Magic
 - Level 5.0 Evocations


You had 10 spell levels left.
You knew the following spells:

 Your Spells              Type           Power      Damage    Failure   Level
a - Necrotise             Necr           96%        1d8       1%          1
b - Bombard               Conj/Erth      25%        9d5       4%          6
f - Freezing Cloud        Conj/Ice/Air   13%        6-21      9%          5
s - Spellforged Servitor  Conj/Summ      25%        N/A       21%         7

Your spell library contained the following spells:

 Spells                   Type           Power      Damage    Failure   Level
 Brom's Barrelling Bould  Conj/Erth      51%        2d7       1%          4
 Iskenderun's Battlesphe  Conj           53%        2d10      1%          5
 Lee's Rapid Deconstruct  Erth           24%        3d13*     1%          5
 Sublimation of Blood     Necr           24%        N/A       2%          2
 Fulminant Prism          Conj/Alch      23%        3d12      2%          4
 Iskenderun's Mystic Bla  Conj/Tloc      31%        2d8       2%          4
 Fugue of the Fallen      Necr           24%        N/A       4%          3
 Vampiric Draining        Necr           24%        2d7       4%          3
 Martyr's Knell           Necr/Summ      36%        N/A       4%          4
 Arcjolt                  Conj/Air       15%        1d25      5%          5
 Irradiate                Conj/Alch      23%        3d19      5%          5
 Ensorcelled Hibernation  Hex/Ice        28%        N/A       7%          2
 Volatile Blastmotes      Fire/Tloc      16%        2d11      7%          3
 Leda's Liquefaction      Alch/Erth      21%        N/A       10%         4
 Petrify                  Alch/Erth      43%        N/A       10%         4
 Animate Dead             Necr           24%        N/A       16%         4
 Summon Forest            Summ/Tloc      14%        N/A       28%         5
 Anguish                  Hex/Necr       8%         N/A       34%         4
 Curse of Agony           Necr           24%        N/A       38%         5
 Vhi's Electric Charge    Tloc/Air       16%        N/A       61%         4
 Summon Hydra             Summ           24%        N/A       73%         7
 Eringya's Noxious Bog    Alch           6%         4d6       94%         6
 Maxwell's Capacitive Co  Air            4%         ∞         100%        8


Dungeon Overview and Level Annotations

Branches:
Dungeon (11/15)            Temple (1/1) D:4            Lair (0/5) D:11
    Orc (2/2) D:9             Elf (0/3) Orc:2

Altars:
Ashenzari
Cheibriados
Dithmenos
Elyvilon
Fedhas
Gozag
Hepliaklqana
Kikubaaqudgha
Makhleb
Nemelex Xobeh
Okawaru
Qazlal
Ru
Sif Muna
Trog
Uskayaw
Vehumet
Wu Jian
Xom
Yredelemnul
Zin
The Shining One

Shops:
D:1 :   D:2 [   D:3 =   D:11 (

Annotations:
D:3 2 runed translucent doors, Malog's ghost, amateur DrSh


Innate Abilities, Weirdness & Mutations

You can breathe torrents of mud.
You are unimpeded by mud.
Your dull iron-grey scales are very hard. (AC +13)
You are amphibious.
You cannot fit into any form of body armour.
You are cold-blooded and may be slowed by cold attacks.


Message History

The orc knight hits you with a +0 great sword!
Things that are here:
a +0 dagger; a +0 leather armour; an orc skeleton
Aiming: Mud Breath
Press: ? - help, Shift-Dir - straight line, f/p - orc knight
Aim: an orc knight, wielding a +0 battleaxe and wearing a +0 plate armour (severely wounded, strong, extremely poisoned, 90% to hit)
You spew a torrent of mud.
The ball of mud hits the orc knight!
The orc knight is moderately wounded.
The orc knight is knocked back by the ball of mud.
The orc knight collides with the orc knight!
The mud splashes down.
The orc knight looks as sick as possible! x2
The orc knight looks as sick as possible!
You have exhausted your breath weapon.
Dive deeper!
Unknown command.
Your toxic radiance grows in intensity.
The orc knight looks as sick as possible! x2
Unknown command.
The orc knight looks as sick as possible!
The orc knight hits you with a +0 great sword!!
* * * LOW HITPOINT WARNING * * *
Unknown command.
Your toxic radiance grows in intensity.
The orc knight looks as sick as possible! x2
You kill the orc knight!
Vehumet accepts your kill.
You feel your power returning.
The orc knight hits you with a +0 great sword!!
* * * LOW HITPOINT WARNING * * *
You feel power welling in your lungs.
Unknown command.
You are confused.
You feel invigorated.
The orc knight looks as sick as possible!
The orc knight closely misses you.
Unknown command.
You sock the orc knight!
The orc knight is almost dead.
The orc knight hits you with a +0 great sword!!
You die...

#.#.#.###.###.###.###.### #
##.[.............##
###...###.###.###.### #~~~..# #.#
#.# #.# # #~~)~####.###.###.###
#~~~###.............#
###############)##............)..
.............#..o...............#
##........).....@)..)...........#
.................)...#.........##
.#...............)...........###
....)........)..)<).......).## ##
.)..............[)...........###.
.............).....[........#....
[....[[....#...............#.....
..............[.......).........^
[...[..........[[....[...[....[..


You could see an orc knight (strong, extremely poisoned).

Vanquished Creatures
  Saint Roka (Orc:2)
  Jorgrun (Orc:1)
  An orc warlord (Orc:1)
  A boulder beetle (D:9)
  2 two-headed ogres
  5 orc high priests
  Sonja (Orc:2)
  5 orc knights
  An ugly thing (D:11)
  3 orc sorcerers
  2 kobold blastminers (Orc:2)
  A komodo dragon (D:11)
  6 trolls
  A wraith (D:8)
  4 wyverns
  2 vampires
  14 yaks
  A warg (Orc:1)
  A basilisk (D:11)
  A steam dragon (D:10)
  5 vampire mosquitoes
  Duvessa (D:5)
  3 water moccasins
  40 orc warriors
  An ice beast (D:7)
  2 sky beasts
  A swamp drake (D:9)
  3 black bears
  8 centaurs
  2 wolves (D:11)
  5 ogres
  A kobold brigand (D:6)
  2 bullfrogs
  A phantom (D:5)
  3 scorpions
  5 wights (D:8)
  Dowan (D:5)
  4 killer bees (D:8)
  2 howler monkeys (D:8)
  2 hounds
  A jelly (D:7)
  4 bombardier beetles
  A gnoll bouda (D:7)
  38 orc priests
  4 iguanas
  A sleepcap (D:6)
  20 orc wizards
  7 gnolls
  7 adders
  A white imp (D:7)
  2 dart slugs
  90 orcs
  6 ball pythons
  An endoplasm (D:1)
  8 goblins
  3 hobgoblins (D:1)
  2 jackals (D:3)
  13 kobolds
  3 quokkas
  3 bats (D:1)
  2 frilled lizards
  5 rats
368 creatures vanquished.

Vanquished Creatures (collateral kills)
  An iguana (D:5)
  A gnoll (D:5)
  An adder (D:4)
  An orc (D:4)
  2 endoplasms (D:4)
  A goblin (D:3)
  A hobgoblin (D:3)
8 creatures vanquished.

Vanquished Creatures (others)
  A gnoll (D:5)
  A ribbon worm (D:5)
2 creatures vanquished.

Grand Total: 378 creatures vanquished

Notes
Turn   | Place    | Note
-------+----------+-------------------------------------------
     0 | D:1      | GottIstTot the Draconian Necromancer began the quest for
                  | the Orb.
     0 | D:1      | Reached XP level 1. HP: 14/14 MP: 3/3
   385 | D:1      | Reached XP level 2. HP: 22/22 MP: 3/5
   517 | D:1      | Found Bitwirij's Book Shoppe.
   628 | D:1      | Reached skill level 1 in Fighting
  1325 | D:2      | Found Ywoxicam's Antique Armour Shoppe.
  1871 | D:2      | Reached XP level 3. HP: 28/28 MP: 2/6
  2043 | D:3      | Found Xorch's Jewellery Emporium.
  2251 | D:3      | Reached XP level 4. HP: 27/36 MP: 0/7
  2563 | D:3      | Found a large runed translucent door.
  2563 | D:3      | Found a large runed translucent door.
  2567 | D:3      | Noticed Malog's ghost (amateur DrSh)
  2807 | D:4      | Noticed an ogre
  2984 | D:4      | Reached XP level 5. HP: 32/42 MP: 6/9
  3013 | D:4      | Killed an ogre
  3270 | D:4      | Reached XP level 6. HP: 13/51 MP: 7/11
  3584 | D:4      | Found a staircase to the Ecumenical Temple.
  3702 | D:5      | Entered Level 5 of the Dungeon
  3778 | D:5      | Found the +0 toga "Victory" {*Victory Clar}
  3978 | D:5      | Noticed Dowan
  4368 | D:5      | Your scales start taking on a dull iron-grey colour.
  4368 | D:5      | Reached XP level 7. HP: 19/58 MP: 12/12
  4520 | D:5      | Noticed Duvessa
  4559 | D:5      | Killed Duvessa
  4566 | D:5      | Killed Dowan
  4817 | Temple   | Entered the Ecumenical Temple
  4825 | Temple   | Became a worshipper of Vehumet
  4914 | D:4      | Reached skill level 1 in Earth Magic
  5457 | D:6      | Found a shimmering blue altar of Sif Muna.
  5906 | D:6      | Reached XP level 8. HP: 67/67 MP: 11/14
  6016 | D:6      | Identified a scroll of acquirement
  6162 | D:6      | Acquired the +9 staff of Olgreb {rPois∞}
  6162 | D:6      | Found the +9 staff of Olgreb {rPois∞}
  6701 | D:7      | Reached skill level 5 in Fighting
  6701 | D:7      | Reached skill level 5 in Stealth
  6701 | D:7      | Reached skill level 1 in Evocations
  6834 | D:7      | Reached * piety under Vehumet
  6834 | D:7      | Offered knowledge of Sandblast by Vehumet.
  6971 | D:7      | Reached skill level 5 in Spellcasting
  6971 | D:7      | Reached skill level 5 in Earth Magic
  7641 | D:7      | Identified the +6 chain mail of the Hall of Blades {rPois
                  | rCorr Int+2 Dex-4}
  7827 | D:8      | Reached XP level 9. HP: 75/75 MP: 16/16
  7865 | D:8      | Found a glowing silver altar of Zin.
  7981 | D:8      | Identified the +12 spear of Cido {flame, rF+ rC- rN++ SInv}
  7988 | D:8      | Reached ** piety under Vehumet
  7991 | D:8      | Offered knowledge of Foxfire by Vehumet.
  8401 | D:8      | Found an opulent altar of Gozag.
  8501 | D:8      | Found a glowing golden altar of the Shining One.
  8507 | D:8      | Identified the +4 sling "Cuhuec" {flame, rPois rF+ Str+3}
  8804 | D:9      | Noticed a two-headed ogre
  9011 | D:8      | Killed a two-headed ogre
  9012 | D:8      | Reached skill level 2 in Conjurations
  9054 | D:8      | Reached XP level 10. HP: 86/86 MP: 8/18
  9264 | D:9      | Reached skill level 3 in Conjurations
  9264 | D:9      | Reached skill level 5 in Evocations
  9552 | D:9      | Noticed a boulder beetle
  9561 | D:9      | Killed a boulder beetle
  9562 | D:9      | Reached skill level 4 in Conjurations
  9702 | D:9      | Offered knowledge of Hailstorm by Vehumet.
  9703 | D:9      | Found a staircase to the Orcish Mines.
  9717 | D:9      | Reached skill level 10 in Earth Magic
  9913 | D:10     | Entered Level 10 of the Dungeon
  9918 | D:10     | Reached *** piety under Vehumet
  9924 | D:9      | Reached skill level 1 in Summonings
 10088 | D:10     | Reached skill level 5 in Conjurations
 10473 | D:10     | Found an ornate altar of the Wu Jian Council.
 10489 | D:10     | Reached skill level 6 in Conjurations
 10496 | D:10     | Reached XP level 11. HP: 68/94 MP: 11/20
 10568 | D:10     | Offered knowledge of Stone Arrow by Vehumet.
 10736 | D:10     | Found a basalt altar of Yredelemnul.
 11302 | D:11     | Found a staircase to the Lair.
 11307 | D:11     | Noticed a two-headed ogre
 11313 | D:11     | Reached skill level 5 in Summonings
 11316 | D:11     | Killed a two-headed ogre
 11317 | D:11     | Reached skill level 7 in Conjurations
 11543 | D:11     | Noticed a green ugly thing
 11592 | D:11     | Killed a green ugly thing
 12116 | D:11     | Found Hoiwn's Weapon Shop.
 12198 | D:11     | Reached **** piety under Vehumet
 12270 | D:11     | Identified the +5 chain mail of Precision Catastrophes
                  | {rPois Str+3 Int-3}
 12448 | D:11     | Learned a level 6 spell: Bombard
 12456 | D:11     | Learned a level 7 spell: Spellforged Servitor
 12514 | Orc:1    | Entered Level 1 of the Orcish Mines
 12516 | Orc:1    | Noticed an orc sorcerer
 12518 | Orc:1    | Offered knowledge of Mephitic Cloud by Vehumet.
 12521 | Orc:1    | Killed an orc sorcerer
 12710 | Orc:2    | Entered Level 2 of the Orcish Mines
 12782 | Orc:2    | Found a staircase to the Elven Halls.
 12794 | Orc:2    | Reached skill level 8 in Conjurations
 12845 | Orc:2    | Noticed an orc high priest
 12856 | Orc:2    | Killed an orc high priest
 12864 | Orc:2    | Noticed an orc sorcerer
 13026 | Orc:2    | Killed an orc sorcerer
 13371 | Orc:2    | Noticed Sonja
 13376 | Orc:2    | Killed Sonja
 13392 | Orc:2    | Reached ***** piety under Vehumet
 13393 | Orc:2    | Reached XP level 12. HP: 95/101 MP: 11/23
 13446 | Orc:2    | Noticed Saint Roka
 13450 | Orc:2    | Offered knowledge of Freezing Cloud by Vehumet.
 13498 | Orc:2    | Reached skill level 9 in Conjurations
 13509 | Orc:2    | Killed Saint Roka
 13737 | Orc:2    | Noticed Jorgrun
 13958 | Orc:1    | HP: 1/101 [Jorgrun/iron shot (30)]
 13962 | Orc:1    | Killed Jorgrun
 14471 | Orc:2    | Reached skill level 10 in Conjurations
 14547 | Orc:2    | Noticed an orc warlord
 14548 | Orc:2    | Noticed an orc high priest
 14572 | Orc:1    | HP: 2/101 [orc knight/+0 great mace (15)]
 14942 | Orc:1    | Killed an orc warlord
 15064 | Orc:1    | Learned a level 5 spell: Freezing Cloud
 15424 | Orc:1    | Killed an orc high priest
 15479 | Orc:2    | Reached skill level 1 in Ice Magic
 15782 | Orc:2    | Offered knowledge of Brom's Barrelling Boulder by Vehumet.
 15940 | Orc:2    | Noticed an orc high priest
 15948 | Orc:2    | Killed an orc high priest
 15949 | Orc:2    | Reached skill level 11 in Conjurations
 15949 | Orc:2    | Reached skill level 10 in Summonings
 15950 | Orc:2    | Reached XP level 13. HP: 86/107 MP: 11/25
 16384 | Orc:2    | HP: 3/107 [orc knight/+0 great sword (19)]
 16386 | Orc:2    | Mangled by an orc knight

Illustrated notes

Levels and vault maps discovered:
D:1:      sevenhm_arrival_forest_fort_large_2, layout_loops_ring, serial_shops,
          nicolae_shop_just_a_little_nook, minmay_heptomino_l4
D:2:      layout_basic, serial_shops, nicolae_shop_advertising_works
          [nicolae_subvault_shop_adworks]
D:3:      layout_basic, ebering_ghost_disaster_area, serial_shops, shop,
          minmay_misc_feat_secret_circle
D:4:      layout_rooms, minmay_temple_entry_from_below_a,
          chequers_hall_statues_corner_a, minmay_distorted
D:5:      layout_loops_ring, hangedman_decor_points, uniq_duvessa
D:6:      layout_gridville, nicolae_overflow_hidden_temple, item_on_display_a
D:7:      layout_layer_cave
D:8:      layout_loops_cross, pdpol_temple_overflow_zin_treasury_gozag_greed,
          lemuel_coloured_pillars_altar
D:9:      layout_rooms, erik_orc_1
D:10:     layout_rooms, mainiacjoe_overflow_catch_the_wave
D:11:     layout_stronghold, minmay_lair_entry_grove, serial_shops,
          kennysheep_mini
Temple:   compressed_dpeg_triangle_lava_temple
Orc:1:    layout_caves
Orc:2:    st_orc_pillars, layout_caves, nicolae_orc_damp_corner,
          nicolae_orc_quarried_blocks, uniq_jorgrun, uniq_saint_roka, uniq_sonja

Skill      XL: |  1  2  3  4  5  6  7  8  9 10 11 12 13 |
---------------+----------------------------------------+-----
Stealth        | 2 3 4 5 |  5.0
Dodging        | 2 3 4 |  4.0
Fighting       | 1 2 3 4 6 7 8 |  8.0
Spellcasting   | 3 4 5 6 7 8 |  8.9
Earth Magic    | 3 6 9 10 | 10.0
Evocations     | 3 4 5 |  5.0
Conjurations   | 2 6 8 11 | 11.3
Summonings     | 3 7 10 | 10.0
Ice Magic      | 1 2 |  2.6
Necromancy     | |  4.0

Action                     |  1- 3 |  4- 6 |  7- 9 | 10-12 | 13-15 || total
---------------------------+-------+-------+-------+-------+-------++-------
  Melee: Dagger            |     3 |    21 |    19 |       |       ||    43
         Tailslap          |     1 |     2 |    10 |    23 |     1 ||    37
         Staff             |       |       |    54 |   129 |     9 ||   192
   Cast: Necrotise         |    64 |    91 |    86 |       |       ||   241
         Bombard           |       |       |       |    12 |       ||    12
         Freezing Cloud    |       |       |       |     1 |       ||     1
Ability: Mud Breath        |       |       |     3 |    10 |     1 ||    14
         Evoke the Staff o |       |       |    72 |   293 |    38 ||   403
  Evoke: Wand              |       |       |     3 |    26 |       ||    29
    Use: Scroll            |       |     3 |    13 |     4 |       ||    20
         Potion            |       |     2 |     2 |    10 |     1 ||    15
 Armour: Skin              |     7 |    48 |   134 |   296 |    14 ||   499
  Dodge: Dodged            |    10 |    43 |   151 |   211 |     7 ||   422

Table legend: (Time is in decaauts)
 A = Elapsed time spent in this place.
 B = Non-inter-level travel time spent in this place.
 C = Inter-level travel time spent in this place.
 D = Time resting spent in this place.
 E = Time spent auto-exploring this place.
 F = Levels seen in this place.
 G = Mean time per level.
                   A        B        C        D        E       F      G
               +--------+--------+--------+--------+--------+-----+--------+
         Total |  16492 |  15448 |   1044 |   3943 |   9279 |  14 | 1178.0 |
       Dungeon |  12595 |  11709 |    886 |   2330 |   7793 |  11 | 1145.0 |
        Temple |     19 |     13 |      6 |      0 |      0 |   1 |   19.0 |
  Orcish Mines |   3877 |   3725 |    152 |   1612 |   1486 |   2 | 1938.5 |
               +--------+--------+--------+--------+--------+-----+--------+

Top non-repeatable levels by time:
   Orc:1: 2046 daAuts
   Orc:2: 1831 daAuts
     D:7: 1770 daAuts
    D:11: 1553 daAuts
     D:5: 1360 daAuts
     D:8: 1316 daAuts
     D:1: 1316 daAuts
     D:4: 1025 daAuts
     D:3: 905 daAuts
     D:9: 895 daAuts
    D:10: 884 daAuts
     D:2: 843 daAuts
     D:6: 724 daAuts
  Temple: 19 daAuts
